Map: Ujari

Players

A.I. 5 (Medium)

  • Race: Terran Terran
  • Spawn Location: 3:00

SlushyStar - Winner!

  • Race: Terran Terran
  • Spawn Location: 9:00

CmdrBeaumont - Winner!

  • Race: Protoss Protoss
  • Spawn Location: 9:00

Raynar

  • Race: Protoss Protoss
  • Spawn Location: 3:00

WheresWaldo

  • Race: Protoss Protoss
  • Spawn Location: 0:00

Throwfordays - Winner!

  • Race: Zerg Zerg
  • League: Silver
  • Spawn Location: 0:00

VOD

Have the link to the VOD?

Description

Time

  • Played on: Oct. 19, 2019, 1:30 p.m.
  • Length: 25:37
Show
View Real Time Build Order
Export as new Build Order

A.I. 5 (Medium) Terran 

Build Orders:  

Get SALT Encoding   

  12  0:01  SCV  
  13  0:13  SCV  
  14  0:19  Supply Depot  
  14  0:25  SCV  
  15  0:41  SCV  
  16  0:45  Barracks  
  16  0:52  Refinery  
  16  0:53  SCV  
  17  1:05  SCV  
  18  1:22  Supply Depot  
  18  1:33  Orbital Command  
  18  1:35  Marine  
  19  1:40  Barracks  
  19  1:50  Refinery  
  19  1:54  Barracks Tech Lab  
  19  2:12  Marine  
  20  2:17  Supply Depot  
  20  2:29  Marine  
  20  2:34  Marine  
  22  2:40  SCV  
  23  2:48  Marauder  
  25  2:52  SCV  
  25  2:54  Marine  
  25  2:55  Engineering Bay  
  27  3:05  SCV  
  28  3:09  Marauder  
  28  3:11  Supply Depot  
  30  3:14  Marine  
  30  3:17  SCV  
  31  3:29  SCV  
  31  3:31  Marauder  
  34  3:41  SCV  
  35  3:53  SCV  
  36  5:19  Barracks Tech Lab  
  36  5:24  Factory  
  36  5:27  Missile Turret  
  36  5:28  Missile Turret  
  36  5:33  Barracks  
  36  5:41  Factory  
  36  5:42  Supply Depot  
  36  5:50  Bunker  
  36  6:00  Sensor Tower  
  36  6:06  Marine  
  36  6:07  Supply Depot  
  36  6:10  Starport, Factory Tech Lab  
  27  6:18  Marine  
  27  6:23  Command Center  
  28  6:29  Armory, Factory Tech Lab  
  28  6:31  Marine  
  27  6:38  Barracks Reactor  
  27  6:44  Marine  
  28  6:47  Starport Tech Lab  
  28  6:57  Marine  
  29  7:07  Raven  
  31  7:10  Hellion  
  32  7:17  Hellion  
  31  7:23  Marine  
  32  7:31  Hellion  
  32  7:35  SCV  
  35  7:37  Refinery  
  35  7:38  SCV  
  38  7:44  Marauder  
  38  7:48  SCV  
  38  7:50  Raven, Missile Turret  
  41  7:51  Refinery  
  41  7:53  SCV  
  41  7:57  Siege Tank  
  45  8:00  SCV  
  45  8:05  SCV  
  47  8:12  SCV  
  51  8:17  SCV  
  51  8:19  Missile Turret  
  52  8:22  Marine  
  52  8:24  SCV  
  54  8:29  SCV  
  54  8:33  Viking  
  57  8:36  SCV  
  57  8:38  Bunker  
  58  8:41  SCV  
  58  8:42  Marine  
  58  8:48  SCV  
  61  8:53  SCV  
  61  8:55  Marine  
  63  9:00  SCV  
  64  9:03  Supply Depot  
  64  9:05  SCV  
  64  9:08  Marauder  
  67  9:12  SCV  
  68  9:17  SCV  
  68  9:21  Cyclone  
  72  9:24  SCV  
  72  9:29  SCV  
  74  9:34  Marine  
  74  9:36  SCV  
  76  9:42  SCV  
  76  9:43  Supply Depot  
  77  9:48  Medivac  
  79  9:53  Widow Mine, Starport  
  79  9:55  Marine  
  82  10:02  Marine  
  83  10:07  Supply Depot  
  83  10:09  Stimpack  
  83  10:12  Combat Shield  
  83  10:13  Marauder  
  85  10:18  Medivac, Terran Infantry Weapons Level 1  
  85  10:21  Marauder  
  89  10:24  Siege Tank  
  92  10:32  Ghost Academy  
  92  10:35  Supply Depot, Starport Tech Lab  
  92  10:42  Fusion Core  
  92  10:48  Viking  
  94  10:51  Engineering Bay  
  94  10:53  Marine, Raven  
  88  10:58  Armory  
  88  11:00  Marine  
  74  11:07  Marine  
  75  11:14  Marine  
  75  11:17  Terran Infantry Armor Level 1  
  75  11:18  Raven  
  78  11:21  Marine  
  78  11:24  Command Center  
  79  11:31  Concussive Shells  
  79  11:32  Marauder  
  81  11:36  Raven  
  81  11:39  Marauder  
  85  11:43  Siege Tank  
  88  11:53  Ghost  
  90  12:01  Viking  
  92  12:36  SCV  
  93  12:39  SCV  
  93  12:41  Refinery  
  93  12:42  SCV  
  95  12:45  Missile Turret  
  95  12:47  Missile Turret  
  95  12:48  SCV  
  95  12:49  Refinery  
  96  12:51  SCV  
  96  12:54  SCV  
  98  13:00  SCV  
  98  13:03  SCV  
  100  13:09  Bunker  
  100  14:21  Terran Infantry Weapons Level 2, Hellion  
  100  14:22  Terran Infantry Armor Level 2  
  100  14:23  Supply Depot, Terran Vehicle Weapons Level 1  
  100  14:24  Terran Vehicle And Ship Armor Level 1  
  102  14:25  Marine  
  102  14:30  Marine  
  104  14:35  Marine  
  100  14:40  Marine  
  93  14:46  Hellion  
  93  14:50  Supply Depot  
  93  14:51  Marine  
  96  14:56  Marine  
  97  15:02  Marine  
  97  15:07  Marine  
  98  15:12  Marine  
  100  15:17  Marine  
  101  15:22  Marine  
  101  15:27  Marine  
  103  15:32  Siege Tank  
  106  15:52  Raven  
  104  15:58  Raven  
  102  16:04  Thor  
  108  16:17  Terran Vehicle Weapons Level 2, Terran Ship Weapons Level 1  
  108  16:35  Raven  
  108  16:38  Command Center  
  110  16:40  Terran Infantry Weapons Level 3  
  110  16:41  Terran Infantry Armor Level 3  
  110  16:45  Missile Turret  
  110  16:47  Raven, Siege Tank  
  109  16:54  Missile Turret  
  109  16:59  Missile Turret  
  109  17:00  Missile Turret  
  109  17:19  Siege Tank  
  112  17:51  SCV, Siege Tank  
  113  17:54  SCV  
  113  17:57  SCV  
  118  18:00  SCV  
  119  18:11  Terran Vehicle And Ship Armor Level 2  
  119  18:19  Refinery, Missile Turret  
  117  18:22  Missile Turret  
  117  18:23  Raven, Siege Tank  
  102  18:39  Marine  
  99  18:44  Marine  
  99  18:45  Bunker  
  75  18:50  Marine  
  75  18:55  Marine  
  75  19:00  Marine  
  74  19:05  Marine, SCV  
  74  19:06  Raven  
  74  19:08  SCV  
  70  19:10  Marine  
  70  19:11  SCV  
  70  19:15  Marine  
  66  19:18  SCV  
  66  19:20  Marine, SCV, Armory  
  66  19:23  Fusion Core, SCV  
  62  19:25  Marine  
  62  19:26  Starport  
  62  19:30  Marine, SCV  
  65  19:33  Command Center  
  65  19:35  Thor, SCV  
  72  19:40  Marine  
  72  19:41  Refinery  
  72  19:42  SCV  
  64  19:46  Marine  
  64  19:47  Refinery, SCV  
  64  19:49  Raven  
  64  19:52  Marine  
  66  19:54  SCV  
  66  19:57  Marine  
  53  20:00  SCV  
  53  20:02  Marine  
  53  20:06  SCV  
  54  20:07  Marine  
  54  20:12  Marine, SCV  
  57  20:18  SCV, Siege Tank  
  57  20:20  Command Center  
  61  20:22  Marine  
  61  20:24  SCV  
  61  20:27  Marine  
  64  20:30  SCV  
  64  20:33  Marine  
  64  20:35  Refinery  
  66  20:36  SCV  
  66  20:38  Marine  
  66  20:40  Starport Tech Lab  
  66  20:42  SCV  
  69  20:48  SCV x2, Missile Turret  
  71  20:51  Hellion  
  71  20:54  SCV  
  71  20:55  Raven  
  74  21:00  SCV  
  74  21:01  Raven, SCV  
  76  21:04  Marine  
  76  21:06  SCV  
  76  21:09  Marine, Bunker  
  69  21:12  SCV  
  69  21:14  Marine, SCV  
  71  21:18  SCV  
  71  21:19  Thor  
  71  21:24  SCV  
  71  21:25  Marine  
  80  21:26  SCV  
  80  21:30  Marine  
  80  21:31  SCV  
  83  21:33  SCV  
  83  21:35  Missile Turret  
  83  21:36  SCV  
  83  21:37  Missile Turret  
  83  21:39  Missile Turret  
  85  21:43  SCV x2  
  85  21:46  SCV  
  88  21:49  SCV  
  88  21:52  Marine  
  89  21:55  SCV, Raven  
  89  21:57  Marine, Bunker  
  89  22:00  Raven  
  80  22:03  Hellion  
  80  22:08  Marine  
  81  22:13  Marine  
  82  22:18  Marine  
  83  22:23  Marine  
  83  22:28  Marine  
  85  22:30  Siege Tank  
  85  22:32  Marine  
  85  22:35  Marine  
  90  22:38  Raven  
  90  22:40  Marine  
  90  22:46  Marine  
  90  22:50  Marine  
  90  22:54  Marauder  
  90  22:55  Raven  
  94  22:58  Marine  
  94  23:03  Siege Tank  
  94  23:04  Marine  
  84  23:08  Marine  
  84  23:10  Command Center  
  73  23:15  Marine  
  73  23:16  Marine  
  75  23:21  Marine, Medivac  
  75  23:26  Marine  
  79  23:30  Siege Tank  
  76  23:34  Marine  
  76  23:38  Medivac  
  76  23:39  Marine  
  76  23:48  SCV  
  61  24:08  Viking  
  48  24:25  SCV  
  48  24:42  Refinery  
  40  24:46  Supply Depot  
  40  24:49  Fusion Core  
  40  24:52  Refinery  
  17  25:11  Supply Depot  
Show
View Real Time Build Order
Export as new Build Order

SlushyStar Terran - Winner!

Build Orders:  

Get SALT Encoding   

  12  0:02  SCV  
  13  0:30  Supply Depot  
  13  0:33  SCV  
  14  0:44  Refinery  
  14  0:45  SCV  
  15  0:58  SCV  
  16  1:07  Barracks  
  16  1:10  SCV  
  17  1:22  SCV  
  17  1:24  Refinery  
  18  1:31  Engineering Bay  
  18  1:34  SCV  
  19  1:46  SCV  
  20  1:53  Supply Depot  
  20  1:58  SCV  
  21  2:05  Barracks Tech Lab  
  21  2:10  SCV  
  21  2:15  Supply Depot  
  22  2:22  SCV  
  23  2:34  Marine, SCV  
  25  2:37  Supply Depot  
  25  2:46  SCV  
  26  2:52  Marine  
  27  2:58  SCV  
  27  3:03  Factory  
  28  3:09  Marine  
  28  3:11  SCV, Terran Infantry Weapons Level 1  
  30  3:26  Bunker  
  30  3:27  Marine  
  31  3:36  Missile Turret  
  31  3:49  Factory Tech Lab  
  31  3:51  Marine  
  32  4:00  Missile Turret  
  32  4:09  Marine  
  33  4:14  Hellion  
  35  4:20  Missile Turret  
  35  4:27  Marine  
  36  4:36  Hellion  
  38  4:43  Missile Turret  
  38  4:45  Marine  
  39  4:57  Hellion  
  41  5:03  Marine  
  41  5:04  Command Center  
  42  5:19  Hellion  
  44  5:39  Marine  
  45  5:57  Marine  
  45  6:00  Supply Depot  
  46  6:15  Marine  
  47  6:22  Supply Depot  
  47  6:32  Marine  
  48  6:50  Marine  
  49  7:16  Supply Depot  
  49  7:31  SCV  
  50  7:39  Terran Infantry Armor Level 1, Supply Depot  
  50  7:43  SCV  
  51  7:55  SCV  
  52  8:01  Supply Depot  
  52  8:03  Starport  
  52  8:07  SCV  
  53  8:18  Armory  
  53  8:19  SCV  
  54  8:24  Supply Depot  
  54  8:40  SCV  
  55  8:52  SCV  
  56  9:04  SCV  
  56  9:09  Starport Tech Lab  
  57  9:17  SCV, Terran Ship Weapons Level 1  
  58  9:29  SCV  
  59  9:34  Hi-Sec Auto Tracking  
  59  9:39  Marine  
  60  9:53  Thor  
  60  9:57  Marine  
  67  10:03  Medivac  
  69  10:14  Marine  
  70  10:30  Terran Infantry Weapons Level 2  
  70  10:32  Marine  
  70  10:33  Medivac  
  73  10:35  Thor  
  79  10:50  Marine  
  80  11:03  Medivac  
  82  11:18  Thor  
  88  11:33  Medivac  
  90  11:45  SCV  
  89  11:57  SCV  
  79  12:01  Thor  
  79  12:03  Medivac  
  87  12:09  SCV  
  88  12:21  SCV  
  89  12:33  Fusion Core, SCV  
  90  12:43  Viking  
  92  12:44  Thor  
  92  12:45  SCV  
  92  12:46  Terran Infantry Armor Level 2  
  99  12:57  SCV  
  100  13:09  SCV  
  101  13:13  Viking  
  103  13:21  SCV  
  104  13:27  Thor  
  110  13:43  Refinery  
  109  13:55  SCV  
  109  13:56  Viking  
  93  14:07  SCV  
  78  14:23  Marine  
  79  14:26  Viking  
  81  14:34  Thor  
  87  14:41  Marine  
  88  14:56  Viking  
  88  14:59  Marine  
  87  15:16  Marine  
  88  15:27  Battlecruiser  
  94  15:34  Marine  
  65  16:13  Thor  
  71  16:55  Refinery  
  71  16:56  Thor  
  71  16:58  Marine  
  78  17:10  Weapon Refit  
  78  17:16  Marine  
  79  17:34  Marine  
  80  17:39  Thor  
  86  17:52  Marine  
  87  17:59  Battlecruiser  
  93  18:09  Marine  
  46  19:17  Thor  
  52  19:47  Marine  
  53  19:59  Thor  
  53  20:05  Marine, Starport  
  45  20:23  Marine  
  39  20:41  Marine  
  37  20:56  Thor  
  43  20:59  Marine  
  44  21:39  Thor  
  50  21:40  Battlecruiser  
  56  22:12  Starport Tech Lab  
  56  22:24  Medivac  
  58  22:37  Marine  
  59  22:54  Marine, Medivac  
  62  23:10  Terran Ship Weapons Level 2  
  62  23:12  Marine  
  63  23:27  Thor  
  63  23:30  Marine  
  70  23:48  Marine, Stimpack  
  71  24:06  Marine  
  72  24:24  Marine  
  73  24:41  Marine  
Show
View Real Time Build Order
Export as new Build Order

CmdrBeaumont Protoss - Winner!

Build Orders: Carriers 

Get SALT Encoding   

  12  0:03  Probe (Chrono Boost)  
  13  0:13  Probe (Chrono Boost)  
  14  0:18  Assimilator  
  14  0:20  Probe  
  15  0:31  Pylon  
  15  0:49  Probe  
  16  1:01  Probe (Chrono Boost)  
  17  1:22  Pylon  
  17  1:26  Pylon  
  17  1:39  Gateway  
  17  1:44  Forge  
  17  1:48  Probe  
  18  2:00  Probe  
  19  2:02  Nexus  
  19  2:07  Pylon  
  19  2:12  Probe (Chrono Boost)  
  20  2:21  Probe (Chrono Boost)  
  21  2:30  Gateway  
  21  2:35  Gateway  
  21  2:45  Gateway  
  21  3:06  Photon Cannon  
  21  3:08  Photon Cannon  
  21  3:14  Photon Cannon  
  21  3:25  Photon Cannon  
  21  3:33  Photon Cannon  
  21  3:39  Pylon  
  21  3:46  Assimilator, Probe (Chrono Boost)  
  23  3:56  Probe (Chrono Boost)  
  23  3:58  Zealot  
  26  4:03  Probe (Chrono Boost)  
  26  4:05  Zealot  
  28  4:11  Zealot  
  30  4:18  Probe (Chrono Boost)  
  32  4:25  Probe (Chrono Boost)  
  32  4:29  Zealot, Probe (Chrono Boost)  
  35  4:33  Probe (Chrono Boost)  
  35  4:36  Zealot  
  38  4:42  Zealot  
  40  4:52  Photon Cannon  
  40  4:59  Photon Cannon  
  40  5:02  Probe  
  41  5:12  Pylon  
  41  5:13  Pylon  
  41  5:14  Probe  
  40  5:27  Pylon  
  38  5:29  Pylon  
  38  5:31  Pylon  
  38  5:47  Cybernetics Core  
  38  5:49  Probe (Chrono Boost)  
  40  5:50  Probe (Chrono Boost)  
  40  5:59  Probe (Chrono Boost)  
  40  6:02  Protoss Shields Level 1  
  40  6:03  Probe (Chrono Boost)  
  40  6:14  Probe  
  41  6:18  Zealot  
  41  6:19  Zealot x2  
  41  6:20  Zealot  
  49  6:26  Probe  
  50  6:44  Protoss Air Weapons Level 1  
  50  6:45  Stargate  
  50  6:47  Stargate  
  50  6:49  Stargate  
  50  6:52  Stargate  
  50  6:56  Stargate  
  50  7:13  Twilight Council  
  50  7:19  Robotics Facility  
  51  7:23  Probe (Chrono Boost)  
  51  7:33  Probe (Chrono Boost)  
  52  7:37  Probe (Chrono Boost)  
  52  7:41  Void Ray  
  57  7:49  Probe (Chrono Boost)  
  58  7:52  Assimilator  
  58  7:53  Assimilator  
  58  8:01  Probe (Chrono Boost)  
  59  8:06  Probe (Chrono Boost)  
  59  8:10  Pylon  
  60  8:13  Assimilator  
  60  8:15  Probe  
  60  8:18  Assimilator  
  61  8:22  Pylon  
  61  8:27  Probe  
  61  8:29  Pylon  
  62  8:36  Photon Cannon  
  62  8:42  Photon Cannon  
  62  8:48  Photon Cannon  
  62  8:52  Protoss Air Armor Level 1  
  62  8:54  Void Ray x3  
  74  9:26  Protoss Shields Level 2  
  74  9:37  Resonating Glaives  
  74  9:47  Void Ray  
  78  10:02  Void Ray  
  82  10:28  Void Ray x2  
  90  10:46  Warp Gate  
  90  10:52  Nexus  
  84  11:18  Void Ray x3  
  96  12:29  Fleet Beacon  
  96  12:38  Void Ray x3  
  96  12:39  Void Ray x2  
  116  12:44  Probe  
  117  12:58  Probe (Chrono Boost)  
  118  12:59  Probe (Chrono Boost)  
  119  13:08  Protoss Shields Level 3  
  119  13:10  Probe x2 (Chrono Boost)  
  122  13:14  Probe (Chrono Boost)  
  122  13:15  Probe x2 (Chrono Boost)  
  124  13:23  Anion Pulse-Crystals, Probe  
  124  13:25  Probe  
  126  13:37  Probe  
  127  13:43  Protoss Air Weapons Level 2 (Chrono Boost)  
  63  16:14  Carrier x3  
  63  16:15  Carrier x2  
  93  16:29  Observer  
  94  16:50  Observer  
  94  16:53  Protoss Air Weapons Level 3 (Chrono Boost)  
  95  16:54  Nexus  
  95  16:59  Assimilator  
  95  17:03  Assimilator  
  95  17:18  Carrier x2  
  95  17:19  Carrier x3  
  125  17:42  Probe  
  126  17:47  Mothership (Chrono Boost)  
  134  17:54  Probe  
  135  18:11  Probe (Chrono Boost)  
  137  18:21  Probe (Chrono Boost)  
  137  18:22  Tempest x2, Carrier  
  153  18:30  Probe  
  154  18:46  Observer  
  155  18:54  Tempest  
  160  19:05  Phoenix, Probe  
  160  19:07  Observer  
  164  19:41  Protoss Air Armor Level 2  
  164  19:44  Pylon x2  
  164  19:46  Pylon  
  164  19:47  Pylon  
  164  19:48  Pylon x2  
  164  19:50  Pylon  
  164  19:51  Pylon  
  164  19:52  Pylon x2  
  164  19:54  Pylon  
  164  19:55  Pylon  
  164  20:02  Tempest, Carrier, Probe  
  164  20:04  Carrier  
  182  20:14  Probe  
  183  20:26  Probe  
  184  20:38  Probe  
Show
View Real Time Build Order
Export as new Build Order

Raynar Protoss 

Build Orders: 1 Gate Expand 

Get SALT Encoding   

  12  0:01  Probe  
  13  0:13  Probe  
  14  0:18  Pylon  
  14  0:25  Probe  
  15  0:37  Probe  
  15  0:40  Gateway  
  16  0:49  Assimilator, Probe  
  17  1:01  Probe  
  18  1:13  Probe  
  20  1:25  Probe  
  20  1:29  Nexus  
  20  1:34  Pylon  
  20  1:40  Probe  
  21  1:50  Zealot  
  21  1:52  Probe  
  24  1:59  Cybernetics Core  
  24  2:05  Pylon  
  24  2:09  Probe  
  25  2:19  Assimilator  
  25  2:21  Probe  
  26  2:33  Probe  
  26  2:35  Warp Gate (Chrono Boost)  
  27  2:43  Gateway  
  27  2:44  Pylon  
  27  2:47  Probe (Chrono Boost)  
  27  2:49  Probe (Chrono Boost)  
  29  2:58  Probe (Chrono Boost)  
  30  3:00  Forge  
  30  3:02  Probe (Chrono Boost)  
  31  3:08  Robotics Facility  
  31  3:16  Probe (Chrono Boost)  
  31  3:17  Probe (Chrono Boost)  
  34  3:28  Probe (Chrono Boost)  
  34  3:32  Pylon, Probe (Chrono Boost)  
  35  3:42  Gateway  
  35  3:43  Probe  
  35  3:45  Protoss Ground Weapons Level 1 (Chrono Boost)  
  35  3:47  Pylon  
  36  3:56  Probe (Chrono Boost)  
  36  4:02  Immortal (Chrono Boost)  
  37  4:06  Probe (Chrono Boost)  
  42  4:10  Probe (Chrono Boost)  
  43  4:22  Probe  
  44  4:34  Probe  
  45  4:46  Probe (Chrono Boost)  
  45  4:50  Stalker x3  
  52  4:54  Twilight Council  
  52  4:56  Probe (Chrono Boost)  
  52  4:58  Robotics Facility  
  52  4:59  Pylon  
  53  5:01  Probe (Chrono Boost)  
  53  5:02  Gateway  
  53  5:06  Robotics Bay  
  54  5:08  Pylon  
  54  5:13  Probe, Warp Prism  
  57  5:25  Assimilator  
  57  5:29  Assimilator  
  57  5:34  Photon Cannon  
  57  5:37  Photon Cannon  
  57  5:40  Pylon  
  57  5:45  Probe (Chrono Boost)  
  58  5:55  Pylon, Probe (Chrono Boost)  
  59  5:59  Probe (Chrono Boost)  
  59  6:01  Photon Cannon  
  59  6:02  Photon Cannon  
  59  6:03  Extended Thermal Lance  
  60  6:04  Photon Cannon  
  60  6:06  Shield Battery  
  61  6:11  Probe  
  61  6:16  Nexus  
  61  6:23  Charge, Probe  
  62  6:31  Protoss Ground Weapons Level 2 (Chrono Boost)  
  66  6:45  Probe, Immortal (Chrono Boost)  
  67  6:53  Immortal (Chrono Boost)  
  71  6:58  Probe  
  72  7:02  Stalker  
  72  7:03  Stalker x2  
  76  7:43  Templar Archives  
  76  7:44  Gateway  
  76  7:45  Gateway  
  76  7:51  Gravitic Drive  
  76  7:53  Pylon  
  77  8:06  Forge  
  77  8:07  Probe (Chrono Boost)  
  77  8:12  Probe (Chrono Boost)  
  79  8:20  Assimilator  
  79  8:22  Probe x2 (Chrono Boost)  
  79  8:24  High Templar x2  
  79  8:25  Assimilator, High Templar  
  79  8:27  Probe (Chrono Boost)  
  86  8:29  Archon, Probe  
  88  8:36  Psionic Storm  
  88  8:38  Probe  
  89  8:41  Probe  
  89  8:44  Protoss Shields Level 1 (Chrono Boost)  
  90  8:48  Sentry  
  90  8:54  Probe  
  93  9:04  Probe  
  93  9:05  Protoss Ground Armor Level 1 (Chrono Boost)  
  93  9:06  Probe  
  93  9:07  Sentry x2  
  99  9:12  Stalker x3  
  99  9:15  Blink (Chrono Boost)  
  99  9:16  Probe  
  106  9:18  Probe  
  107  9:28  Probe  
  107  9:30  Probe  
  109  9:32  Disruptor  
  109  9:37  Observer  
  113  9:51  Pylon  
  113  9:52  Pylon x2  
  113  10:07  Immortal (Chrono Boost)  
  113  10:08  Colossus (Chrono Boost)  
  123  10:22  Probe  
  123  10:28  Sentry x2  
  128  10:30  High Templar  
  128  10:33  Stalker x2  
  128  10:34  Probe  
  135  10:39  Immortal  
  139  10:46  Probe  
  140  10:58  Probe  
  140  10:59  High Templar x2  
  140  11:01  Stalker x2  
  140  11:02  Zealot  
  151  11:07  Archon  
  151  11:17  Colossus  
  157  11:25  Pylon  
  157  11:26  Pylon  
  157  11:27  Pylon x2  
  157  12:02  High Templar  
  157  12:03  High Templar x3  
  157  12:04  Zealot  
  157  12:05  Zealot  
  169  12:09  Gateway x2  
  169  12:13  Archon x2  
  169  12:37  Protoss Ground Weapons Level 3 (Chrono Boost)  
  169  12:38  Protoss Shields Level 2 (Chrono Boost)  
  169  12:41  Stalker x4  
  169  12:42  Zealot x2  
  181  12:54  Immortal x2 (Chrono Boost)  
  189  13:03  Gravitic Boosters  
  71  14:20  Stalker x4  
  71  14:21  Stalker x4  
  87  14:27  Gateway  
  87  14:29  Gateway  
  87  14:30  Immortal x2 (Chrono Boost)  
  87  14:31  Gateway  
  87  14:33  Gateway  
  95  14:46  Stalker x2  
  95  14:47  Stalker x5  
  95  14:48  Stalker  
  81  15:02  Immortal x2  
  81  15:04  Protoss Ground Armor Level 2  
  87  15:09  Nexus  
  81  15:15  Assimilator  
  81  15:18  Stalker x6  
  81  15:19  Assimilator, Stalker x2  
  88  15:26  Sentry  
  76  15:41  Colossus x2  
  71  15:51  Zealot x2  
  71  15:52  Zealot x2, Stalker  
  71  15:53  Stalker x3  
  87  16:33  Nexus  
  87  16:34  Pylon  
  87  16:35  Immortal x2  
  87  16:36  Pylon  
  87  16:38  Pylon  
  87  16:39  Pylon  
  95  16:40  Pylon  
  95  16:42  Pylon  
  95  16:49  Pylon x2  
  95  16:51  Pylon  
  95  16:54  Pylon  
  95  16:55  Nexus  
  95  16:57  Pylon  
  95  16:59  Pylon  
  95  17:06  High Templar x4  
  103  17:12  Sentry x3  
  109  17:18  Assimilator  
  109  17:35  Assimilator  
  109  17:47  Zealot x4  
  117  18:00  Probe (Chrono Boost)  
  117  18:04  Protoss Shields Level 3 (Chrono Boost)  
  118  18:09  Probe (Chrono Boost)  
  119  18:14  Probe (Chrono Boost)  
  120  18:21  High Templar x2  
  120  18:22  High Templar  
  120  18:26  Probe  
  127  18:38  Stargate  
  127  19:13  High Templar x2  
  127  19:14  High Templar x2  
  127  19:15  Stalker x2  
  127  19:16  Stalker  
  141  19:18  Archon  
  141  19:19  Archon  
  141  19:23  Probe  
  142  19:25  Probe x4  
  146  19:35  Stargate, Probe  
  146  19:37  Probe x4  
  146  19:38  Stargate  
  151  19:47  Probe  
  151  19:49  Probe x2  
  154  19:59  Zealot x5, Probe  
  165  20:00  Zealot x2  
  169  20:11  Probe  
  170  20:24  Stalker x6  
  118  20:55  High Templar x2  
  118  20:56  High Templar x3  
  128  21:01  Archon  
  128  21:05  Archon  
  128  21:06  High Templar  
  128  21:07  Stalker  
  128  21:08  Stalker x5  
  142  21:16  Observer (Chrono Boost)  
  142  21:17  Observer (Chrono Boost)  
  143  21:26  Archon  
  68  21:52  Stalker  
  68  21:53  Stalker x6  
  74  21:54  Stalker  
  61  22:17  Stalker x4  
  61  22:18  Stalker x2  
  61  22:21  Phoenix x2 (Chrono Boost)  
  47  22:54  High Templar x2  
  51  23:01  Archon  
  51  23:08  Phoenix (Chrono Boost)  
  51  23:09  Phoenix (Chrono Boost)  
  55  23:24  Phoenix (Chrono Boost)  
  55  23:25  Phoenix (Chrono Boost)  
Show
View Real Time Build Order
Export as new Build Order

WheresWaldo Protoss 

Build Orders:  

Get SALT Encoding   

  12  0:02  Probe (Chrono Boost)  
  13  0:12  Probe (Chrono Boost)  
  14  0:26  Pylon  
  14  0:29  Probe  
  15  0:44  Probe  
  16  1:05  Pylon  
  16  1:15  Pylon  
  16  1:31  Gateway  
  16  1:33  Gateway  
  16  1:41  Gateway  
  16  1:48  Pylon  
  16  1:51  Pylon  
  16  2:01  Assimilator  
  16  2:07  Assimilator  
  16  2:17  Nexus  
  16  2:28  Forge  
  16  2:34  Zealot x2  
  20  2:41  Zealot  
  22  3:04  Photon Cannon  
  22  3:05  Photon Cannon  
  22  3:18  Photon Cannon  
  22  3:24  Photon Cannon  
  22  3:40  Photon Cannon  
  22  3:50  Probe (Chrono Boost)  
  23  3:59  Probe (Chrono Boost)  
  23  4:00  Probe (Chrono Boost)  
  25  4:07  Probe (Chrono Boost)  
  25  4:08  Probe (Chrono Boost)  
  27  4:16  Probe (Chrono Boost)  
  28  4:21  Probe (Chrono Boost)  
  29  4:32  Probe (Chrono Boost)  
  29  4:35  Probe (Chrono Boost)  
  31  4:43  Probe (Chrono Boost)  
  32  4:46  Probe (Chrono Boost)  
  32  4:49  Probe (Chrono Boost)  
  34  4:55  Probe (Chrono Boost)  
  34  4:59  Probe (Chrono Boost)  
  36  5:03  Probe (Chrono Boost)  
  36  5:04  Probe (Chrono Boost)  
  38  5:12  Probe  
  39  5:14  Probe  
  40  5:24  Probe  
  40  5:26  Probe  
  41  5:54  Pylon  
  41  6:00  Pylon  
  41  6:05  Pylon  
  41  6:19  Assimilator  
  41  6:22  Probe  
  41  6:23  Assimilator  
  42  6:28  Probe  
  43  6:34  Probe  
  44  6:40  Probe  
  44  6:46  Cybernetics Core, Probe  
  46  6:52  Probe  
  27  7:38  Probe (Chrono Boost)  
  28  7:50  Probe (Chrono Boost)  
  29  7:55  Probe (Chrono Boost)  
  30  8:05  Probe  
  31  8:13  Stargate  
  31  8:15  Stargate  
  31  8:17  Stargate, Probe  
  31  8:19  Stargate  
  32  8:27  Pylon  
  32  8:29  Probe  
  32  8:30  Pylon  
  33  8:57  Photon Cannon  
  33  8:58  Photon Cannon  
  33  9:00  Photon Cannon  
  33  9:01  Photon Cannon  
  33  9:07  Photon Cannon  
  33  9:09  Photon Cannon  
  33  9:18  Photon Cannon x2  
  33  9:20  Photon Cannon  
  33  9:26  Void Ray x2 (Chrono Boost)  
  33  9:27  Void Ray x2 (Chrono Boost)  
  49  9:54  Probe (Chrono Boost)  
  49  9:59  Protoss Air Weapons Level 1 (Chrono Boost)  
  50  10:02  Void Ray x4  
  50  10:05  Probe (Chrono Boost)  
  67  10:10  Probe (Chrono Boost)  
  68  10:20  Photon Cannon  
  68  10:21  Photon Cannon, Probe  
  69  10:23  Photon Cannon  
  69  10:31  Probe (Chrono Boost)  
  71  10:43  Probe (Chrono Boost)  
  71  10:46  Probe (Chrono Boost)  
  73  10:51  Probe (Chrono Boost)  
  73  10:54  Probe (Chrono Boost)  
  74  10:59  Probe (Chrono Boost)  
  69  12:00  Protoss Air Armor Level 1  
  37  12:26  Void Ray x3 (Chrono Boost)  
  37  12:29  Void Ray (Chrono Boost)  
  53  13:01  Void Ray x4 (Chrono Boost)  
  69  13:39  Void Ray (Chrono Boost)  
  69  13:41  Void Ray x2 (Chrono Boost)  
  69  13:42  Void Ray (Chrono Boost)  
  85  13:48  Fleet Beacon  
  85  14:14  Void Ray x2  
  93  14:25  Void Ray x2  
  83  14:57  Void Ray  
  38  15:22  Void Ray  
  42  15:38  Protoss Air Weapons Level 2 (Chrono Boost)  
  36  16:50  Nexus  
  36  16:57  Assimilator  
  36  16:59  Assimilator  
  36  17:12  Probe  
  37  17:22  Anion Pulse-Crystals  
  37  17:24  Probe  
  38  17:36  Probe  
  39  17:49  Probe  
  40  18:01  Protoss Air Armor Level 2, Probe  
  41  18:13  Probe  
  42  18:25  Probe  
  43  18:37  Nexus, Probe  
  43  18:41  Assimilator  
  44  18:45  Assimilator  
  44  19:19  Probe (Chrono Boost)  
  45  19:30  Probe (Chrono Boost)  
  46  19:35  Probe (Chrono Boost)  
  46  19:37  Probe (Chrono Boost)  
  48  19:44  Probe (Chrono Boost)  
  50  19:49  Probe (Chrono Boost)  
  50  19:50  Probe (Chrono Boost)  
  50  19:52  Probe (Chrono Boost)  
  54  20:03  Probe x2 (Chrono Boost)  
  54  20:04  Probe (Chrono Boost)  
  55  20:08  Probe (Chrono Boost)  
  20  21:27  Pylon x2  
  20  21:34  Pylon  
  20  21:36  Pylon  
  20  21:37  Pylon  
  20  22:04  Void Ray x3 (Chrono Boost)  
  36  22:10  Void Ray (Chrono Boost)  
  40  22:37  Void Ray (Chrono Boost)  
Show
View Real Time Build Order
Export as new Build Order

Throwfordays Zerg - Winner!

Build Orders: Hatch First, Muta Ling Bane 

Get SALT Encoding   

  12  0:01  Drone  
  13  0:13  Overlord  
  13  0:18  Drone  
  14  0:32  Drone x2  
  16  0:39  Drone  
  17  0:55  Hatchery  
  16  1:01  Drone x2  
  18  1:16  Spawning Pool  
  17  1:18  Extractor  
  17  1:21  Drone  
  17  1:25  Drone  
  18  1:31  Overlord  
  18  1:43  Drone  
  19  1:56  Drone  
  19  2:01  Extractor  
  19  2:03  Queen  
  19  2:06  Drone  
  22  2:10  Queen  
  22  2:11  Drone  
  22  2:15  Drone  
  26  2:25  Drone  
  27  2:39  Lair  
  27  2:52  Drone  
  27  2:54  Metabolic Boost, Drone  
  29  2:59  Drone x3  
  32  3:05  Extractor  
  31  3:15  Roach Warren  
  30  3:30  Baneling Nest  
  29  3:41  Drone x2  
  29  3:42  Drone x3  
  29  3:45  Extractor  
  33  3:49  Drone  
  33  3:52  Queen  
  36  3:57  Overlord  
  36  4:00  Overlord x2  
  36  4:08  Nydus Network  
  35  4:15  Roach  
  35  4:16  Zergling x4  
  39  4:21  Drone x2  
  39  4:23  Drone  
  42  4:25  Drone  
  42  4:27  Queen, Drone  
  46  4:38  Baneling x3  
  46  4:39  Baneling  
  46  4:54  Drone x6  
  52  5:04  Hatchery  
  52  5:06  Roach x3  
  57  5:14  Drone x2  
  57  5:15  Drone  
  57  5:19  Overlord x2  
  60  5:22  Overlord  
  60  5:26  Overseer  
  60  5:30  Overlord  
  60  5:39  Zergling x2  
  60  5:42  Zergling x2  
  62  5:44  Zergling x2  
  62  5:47  Roach  
  65  5:59  Centrifical Hooks  
  65  6:03  Baneling x6  
  65  6:06  Roach x2  
  65  6:10  Roach x3  
  75  6:16  Queen  
  75  6:17  Roach  
  79  6:21  Roach x3  
  85  6:27  Drone x2  
  85  6:29  Queen  
  89  6:36  Roach x2  
  89  6:37  Roach  
  95  6:41  Roach  
  95  6:43  Overlord x2  
  97  6:49  Nydus Canal  
  80  7:33  Drone x4  
  80  7:34  Drone  
  80  7:36  Drone x6  
  91  7:47  Drone x3  
  94  7:51  Tunneling Claws  
  94  8:08  Extractor  
  94  8:09  Extractor  
  93  8:12  Drone  
  93  8:13  Drone x4  
  93  8:19  Overlord x5  
  97  8:34  Drone  
  97  8:39  Spire  
  97  8:40  Spire  
  96  8:41  Hydralisk Den  
  95  8:49  Drone x3  
  95  8:52  Drone  
  99  9:00  Infestation Pit  
  98  9:38  Hive  
  98  9:50  Mutalisk x3  
  98  9:51  Mutalisk x5  
  114  9:53  Mutalisk x2  
  114  9:54  Mutalisk x2  
  114  9:57  Mutalisk x6  
  114  9:59  Mutalisk  
  136  10:05  Mutalisk  
  137  10:17  Zerg Flyer Weapons Level 1  
  137  10:21  Zerg Flyer Armor Level 1  
  137  10:48  Overseer  
  137  10:50  Pneumatized Carapace  
  137  11:12  Mutalisk  
  137  11:13  Mutalisk x6  
  151  11:51  Hatchery  
  148  12:19  Mutalisk x3  
  148  12:22  Overlord x3  
  154  12:23  Overlord x5  
  154  12:40  Zerg Flyer Weapons Level 2  
  154  12:42  Greater Spire  
  154  12:46  Mutalisk x2  
  154  12:47  Mutalisk x4  
  154  12:48  Extractor  
  154  12:50  Extractor  
  164  13:21  Mutalisk  
  164  13:22  Mutalisk x4  
  164  13:25  Mutalisk x4  
  182  13:36  Drone x3  
  182  13:37  Queen  
  67  14:12  Mutalisk x5  
  67  14:13  Mutalisk  
  67  14:16  Mutalisk x2  
  81  14:23  Extractor  
  80  14:24  Drone x3  
  80  14:25  Drone x3  
  80  14:30  Drone x7  
  80  14:31  Drone x4  
  96  14:34  Queen  
  99  14:42  Hatchery  
  99  14:43  Drone x2  
  100  14:51  Drone x3  
  103  15:05  Extractor  
  102  15:07  Zerg Flyer Weapons Level 3  
  102  15:09  Mutalisk x3  
  108  15:16  Drone x2  
  108  15:18  Drone  
  111  15:23  Drone x5  
  116  15:31  Hatchery  
  115  15:42  Mutalisk x2  
  115  15:43  Mutalisk x4  
  127  16:28  Mutalisk x3  
  127  16:29  Mutalisk  
  129  17:06  Drone x2  
  129  17:07  Extractor, Drone x3  
  133  17:18  Extractor  
  133  17:19  Queen  
  133  17:21  Mutalisk x3  
  140  17:26  Mutalisk x7  
  140  17:27  Mutalisk  
  156  17:38  Drone x3  
  159  18:01  Mutalisk x6  
  171  18:06  Mutalisk x3  
  177  18:33  Zerg Flyer Armor Level 2  
  165  20:06  Mutalisk x6  
  75  21:19  Mutalisk x3  
  81  21:27  Drone  
  81  21:29  Queen  
  84  21:34  Corruptor  
  84  21:38  Zerg Flyer Armor Level 3  
  86  21:40  Corruptor x3  
  86  21:41  Corruptor  
  86  21:45  Corruptor x3  
  100  22:04  Corruptor x3  
  100  22:05  Corruptor  
  108  22:09  Brood Lord  
  108  22:15  Corruptor x4  
  112  22:20  Corruptor x3  
  124  22:23  Brood Lord x4  
  132  22:58  Brood Lord x2  
  136  22:59  Brood Lord  
  138  23:35  Brood Lord x2  
  140  24:51  Brood Lord  
  140  24:52  Brood Lord x5  
Tags
 
Add a new tag
Caveats
  • Supply blocks, unpowered buildings, or Contaminate may cause inaccurate times.
  • Supply counts are checked every 10 seconds.